 Dungeon Crawl Stone Soup version 0.27-a0-1048-g7ee7857c10 (webtiles) character file.

Game seed: 8589895839225281816

2423 DarkShadow the Carver (level 9, -3/72 (75) HPs)
             Began as a Minotaur Fighter on Apr 20, 2021.
             Was an Initiate of Gozag.
             Slain by a wight
             ... wielding a +5 great sword
              (16 damage)
             ... on level 7 of the Dungeon.
             The game lasted 00:15:31 (6021 turns).

DarkShadow the Carver (Minotaur Fighter)            Turns: 6021, Time: 00:15:32

HP:   -3/72 (75)    AC: 10    Str: 25    XL:     9   Next: 24%
MP:   8/8           EV:  7    Int:  5    God:    Gozag
Gold: 381           SH: 13    Dex:  9    Spells: 8/8 levels left

rFire    . . .     SeeInvis .   a - +1 long sword
rCold    . . .     Faith    .   c - +2 kite shield
rNeg     . . .     Spirit   .   l - +0 chain mail
rPois    .         Reflect  .   (helmet restricted)
rElec    .         Harm     .   (no cloak)
rCorr    .         Rampage  .   (no gloves)
Will     .....                  (no boots)
Stlth    ..........             (no amulet)
HPRegen  0.22/turn              (no ring)
MPRegen  0.11/turn              (no ring)

@: gold aura, lightly drained
A: horns 2, retaliatory headbutt
a: Renounce Religion, Potion Petition, Call Merchant, Bribe Branch


You were on level 7 of the Dungeon.
You worshipped Gozag.
Gozag was aware of your devotion.
You visited 2 branches of the dungeon, and saw 8 of its levels.

You collected 760 gold pieces.
You spent 294 gold pieces at shops.
You paid 85 gold pieces to Gozag.

Inventory:

Hand Weapons
 a - a +1 long sword (weapon)
Armour
 b - a +0 scale mail
 c - a +2 kite shield (worn)
 h - a scarf of repulsion
 l - a +0 chain mail (worn)
Jewellery
 m - an amulet of reflection
Wands
 f - a wand of polymorph (13)
 u - a wand of iceblast (7)
Scrolls
 g - a scroll of silence
 j - a scroll of magic mapping
 q - 2 scrolls of teleportation
 t - 2 scrolls of fear
Potions
 d - 2 potions of flight {unknown}
 e - a potion of lignification
 i - 2 potions of haste
 k - a potion of attraction {unknown}
 n - 3 potions of curing
 p - a potion of brilliance {unknown}
 r - a potion of cancellation {unknown}
 s - a potion of degeneration {unknown}
 v - a potion of magic {unknown}


   Skills:
 + Level 6.1 Fighting
 + Level 9.9 Long Blades
 + Level 7.4 Armour
 + Level 2.4 Dodging
 + Level 0.5 Stealth
 + Level 8.1 Shields


You had 8 spell levels left.
You didn't know any spells.
Your spell library contained the following spells:

 Spells                   Type           Power      Damage    Failure   Level
 Corona                   Hex            0%         N/A       100%        1
 Magic Dart               Conj           0%         1d3       100%        1
 Ensorcelled Hibernation  Hex/Ice        0%         N/A       100%        2
 Searing Ray              Conj           0%         3d3       100%        2
 Confusing Touch          Hex            0%         N/A       100%        3
 Dazzling Flash           Conj/Hex       0%         N/A       100%        3
 Gell's Gravitas          Tloc           0%         N/A       100%        3
 Tukima's Dance           Hex            0%         N/A       100%        3
 Fulminant Prism          Conj/Hex       0%         3d6       100%        4
 Iskenderun's Mystic Bla  Conj/Tloc      0%         2d3       100%        4
 Petrify                  Tmut/Erth      0%         N/A       100%        4
 Metabolic Englaciation   Hex/Ice        0%         N/A       100%        5
 Yara's Violent Unravell  Hex/Tmut       0%         3d3       100%        5


Dungeon Overview and Level Annotations

Branches:
Dungeon (7/15)             Temple (1/1) D:6

Altars:
Ashenzari
Dithmenos
Gozag
Makhleb
Nemelex Xobeh
Okawaru
Qazlal
Ru
Sif Muna
Uskayaw
Wu Jian
Xom
Yredelemnul
Zin
The Shining One

Shops:
D:5 *


Innate Abilities, Weirdness & Mutations

You have a pair of horns on your head.
You reflexively headbutt those who attack you in melee.


Message History

A wight comes into view. It is wielding a +0 mace.
You hit the wight but do no damage. You block the wight's attack.
The wight hits you with a +0 battleaxe!
* * * LOW HITPOINT WARNING * * *
You feel much better. You block the wight's attack. x2
You barely miss the wight. Your headbutt misses the wight.
The wight barely misses you. x2; You riposte.
You slash the wight!
The wight is almost destroyed.
The wight closely misses you.
You hit the wight.
You destroy the wight!
You block the wight's attack. x2
The wight hits you with a +5 great sword!
You block the wight's attack. x3
Items here: $ ( )) [.
You closely miss the wight. The wight hits you with a +0 mace.
The wight hits you but does no damage. You block the wight's attack.
You hit the wight but do no damage. The wight hits you with a +0 mace.
You feel drained. The wight completely misses you. The wight barely misses you.
You furiously retaliate!
You headbutt the wight! You hit the wight but do no damage.
You block the wight's attack. The wight hits you with a +0 battleaxe.
The wight hits you with a +5 great sword!
* * * LOW HITPOINT WARNING * * *
You feel drained.
* * * LOW HITPOINT WARNING * * *
You slash the wight!
The wight is severely damaged.
You block the wight's attack. The wight completely misses you.
You furiously retaliate!
You headbutt the wight, but do no damage.
You riposte.
You closely miss the wight.
You headbutt the wight, but do no damage.
You block the wight's attack.
You feel much better. You block the wight's attack.
The wight hits you with a +0 battleaxe!
* * * LOW HITPOINT WARNING * * *
The wight hits you with a +5 great sword!
You die...
Your body crumbles into a pile of gold.

..#.....#### ....#......#
...# ........##.# ...#
#.####.<##.# ...# $
#.....)..#.# )..#
...###.#.#.# ...# .
##......#######...####
#.......#z............
......#...z@..$.........
..#...#.#.#z............
...##.##.#.#######...####
.. #. #.#.# ...# .. ....#
...# ## #.### ...# #.
...# ...#


You could see 3 wights.

Vanquished Creatures
  Grinder (D:3)
  Edmund (D:5)
  2 water moccasins
  A sky beast (D:5)
  2 ice beasts (D:6)
  3 ogres
  A necrophage (D:6)
  A centaur (D:7)
  2 phantoms
  3 killer bees (D:7)
  A water moccasin skeleton (D:4)
  4 wights
  A howler monkey (D:5)
  A centaur zombie (D:6)
  An orc priest (D:3)
  A gnoll shaman (D:4)
  A centaur skeleton (D:5)
  3 hounds
  Jessica (D:3)
  3 iguanas (D:5)
  A scorpion zombie (D:5)
  3 orc wizards
  Robin (D:3)
  6 adders
  4 gnolls (D:4)
  3 river rats (D:3)
  2 white imps
  2 worms
  6 dart slugs
  14 orcs
  3 endoplasms
  5 giant cockroaches
  5 goblins
  7 hobgoblins
  10 jackals
  4 kobolds
  5 quokkas
  8 ball pythons
  5 bats
  A frilled lizard (D:3)
  2 rats (D:1)
131 creatures vanquished.

Vanquished Creatures (collateral kills)
  2 orcs (D:6)
2 creatures vanquished.

Grand Total: 133 creatures vanquished

Notes
Turn   | Place    | Note
-------+----------+-------------------------------------------
     0 | D:1      | DarkShadow the Minotaur Fighter began the quest for the
                  | Orb.
     0 | D:1      | Reached XP level 1. HP: 19/19 MP: 0/0
   167 | D:1      | Reached XP level 2. HP: 27/27 MP: 1/1
   415 | D:1      | Reached XP level 3. HP: 33/33 MP: 2/2
   418 | D:1      | Reached skill level 3 in Long Blades
   942 | D:2      | Reached XP level 4. HP: 40/40 MP: 3/3
  1240 | D:2      | Found a faded altar of an unknown god.
  1407 | D:2      | Identified a scroll of acquirement
  1407 | D:2      | Acquired 446 gold pieces
  1488 | D:3      | Noticed Robin
  1506 | D:3      | Killed Robin
  1743 | D:3      | Reached skill level 4 in Long Blades
  1743 | D:3      | Reached XP level 5. HP: 5/46 MP: 4/4
  1971 | D:3      | Noticed Jessica
  1979 | D:3      | Killed Jessica
  1980 | D:3      | Reached skill level 1 in Dodging
  2064 | D:3      | Noticed Grinder
  2088 | D:3      | Killed Grinder
  2089 | D:3      | Reached skill level 5 in Long Blades
  2089 | D:3      | Reached skill level 5 in Armour
  2089 | D:3      | Reached skill level 5 in Shields
  2089 | D:3      | Reached XP level 6. HP: 31/53 MP: 5/5
  2695 | D:4      | Reached XP level 7. HP: 8/60 MP: 6/6
  3160 | D:4      | Reached skill level 6 in Long Blades
  3724 | D:4      | Reached skill level 5 in Fighting
  3893 | D:5      | Entered Level 5 of the Dungeon
  3897 | D:5      | Reached skill level 7 in Long Blades
  3979 | D:5      | Found Leduu's Assorted Antiques.
  3987 | D:5      | Bought a scroll of enchant armour for 232 gold pieces
  3987 | D:5      | Bought a scroll of identify for 62 gold pieces
  4002 | D:5      | Noticed Edmund
  4010 | D:5      | Killed Edmund
  4011 | D:5      | Reached XP level 8. HP: 68/68 MP: 7/7
  4385 | D:5      | Reached skill level 8 in Long Blades
  5087 | D:6      | Reached skill level 9 in Long Blades
  5607 | D:6      | Reached XP level 9. HP: 75/75 MP: 8/8
  5709 | D:6      | Found a staircase to the Ecumenical Temple.
  5722 | Temple   | Entered the Ecumenical Temple
  5750 | Temple   | Became a worshipper of Gozag Ym Sagoz the Greedy
  6021 | D:7      | Slain by a wight

Illustrated notes

Levels and vault maps discovered:
D:1:      psy_arrival_terrarium, layout_basic
D:2:      layout_loops_ring, hellmonk_ecumenical_altar_lost_god
D:3:      layout_loops_ring, portal_sewer_entry_b, uniq_grinder, uniq_jessica,
          uniq_robin
D:4:      layout_basic
D:5:      layout_loops_corners, serial_shops, nicolae_shop_crystal, uniq_edmund
D:6:      layout_cave_pools, minmay_temple_entry_junction
D:7:      layout_loops_cross, ebering_ghost_rock_garden, serial_glass,
          glass_columns_b, glass_columns_c, uniq_crazy_yiuf_cottage,
          uniq_joseph, uniq_harold
Temple:   grunt_wide_crystal_templ

Skill      XL: |  1  2  3  4  5  6  7  8  9 |
---------------+----------------------------+-----
Fighting       | 4 5 6 |  6.1
Armour         | 4 5 6 7 |  7.4
Shields        | 4 5 6 7 8 |  8.1
Long Blades    | 3 4 5 7 9 |  9.9
Dodging        | 1 2 |  2.4
Stealth        | |  0.5

Action                   |  1- 3 |  4- 6 |  7- 9 || total
-------------------------+-------+-------+-------++-------
Melee: Long sword        |    85 |   109 |   222 ||   416
       Headbutt          |    19 |    18 |    48 ||    85
  Use: Scroll            |       |    12 |     7 ||    19
       Potion            |       |     2 |     4 ||     6
Armor: Scale mail        |    48 |     7 |       ||    55
       Chain mail        |       |    49 |    86 ||   135
Dodge: Dodged            |    32 |    32 |    40 ||   104
Block: Kite shield       |    59 |    61 |   159 ||   279
       Rpst.: Long sword |     8 |    10 |    11 ||    29

Table legend: (Time is in decaauts)
 A = Elapsed time spent in this place.
 B = Non-inter-level travel time spent in this place.
 C = Inter-level travel time spent in this place.
 D = Time resting spent in this place.
 E = Time spent auto-exploring this place.
 F = Levels seen in this place.
 G = Mean time per level.
                   A        B        C        D        E       F      G
               +--------+--------+--------+--------+--------+-----+--------+
         Total |   6153 |   6059 |     94 |   1187 |   3351 |   8 |  769.1 |
       Dungeon |   6107 |   6013 |     94 |   1187 |   3334 |   7 |  872.4 |
        Temple |     45 |     45 |      0 |      0 |     17 |   1 |   45.0 |
               +--------+--------+--------+--------+--------+-----+--------+

Top non-repeatable levels by time:
     D:4: 1296 daAuts
     D:3: 1246 daAuts
     D:5: 1070 daAuts
     D:6: 968 daAuts
     D:2: 834 daAuts
     D:1: 622 daAuts
     D:7: 68 daAuts
  Temple: 45 daAuts
